 Dungeon Crawl Stone Soup version 0.30-a0-341-g682706514a (webtiles) character file.

Game seed: 759135461166964312

204 Harunobu the Trooper (level 5, -2/34 HPs)
             Began as a Gargoyle Monk on Oct 31, 2022.
             Slain by an ice beast (14 damage)
             ... on level 6 of the Dungeon.
             The game lasted 00:03:55 (2810 turns).

Harunobu the Trooper (Gargoyle Monk)                Turns: 2810, Time: 00:03:56

Health: -2/34      AC: 13    Str: 16    XL:     5   Next: 82%
Magic:  5/5        EV: 10    Int: 11    God:
Gold:   166        SH:  0    Dex: 12    Spells: 4/4 levels left

rFire   . . .      SeeInvis .    f - +0 whip
rCold   . . .      Faith    .    (no shield)
rNeg    + . .      Spirit   .    r - +0 scale mail
rPois   ∞          Reflect  .    s - +2 helmet
rElec   +          Harm     .    (no cloak)
rCorr   .          Rampage  .    (no gloves)
Will    .....                    (no boots)
Stlth   +.........               (no amulet)
HPRegen 0.25/turn                (no ring)
MPRegen 0.09/turn                (no ring)

@: no status effects
A: sickness immunity, AC +4, negative energy resistance 1, electricity
resistance, torment resistance 1, petrification resistance
a: no special abilities


You were on level 6 of the Dungeon.
You visited 1 branch of the dungeon, and saw 6 of its levels.

You collected 166 gold pieces.

Inventory:

Hand Weapons
 a - a +0 mace
 f - a +0 whip (weapon)
Armour
 b - a +0 robe
 r - a +0 scale mail (worn)
 s - a +2 helmet (worn)
Jewellery
 q - a +6 ring of strength
Wands
 t - a wand of flame (14)
Scrolls
 d - 2 scrolls of fear {unknown}
 i - 2 scrolls of identify {unknown}
 j - a scroll of enchant armour {unknown}
 k - a scroll of immolation {unknown}
 n - 2 scrolls of fog {unknown}
 o - a scroll of acquirement {unknown}
 p - a scroll of amnesia {unknown}
 v - a scroll of teleportation {unknown}
 w - a scroll of torment {unknown}
 x - a scroll of magic mapping {unknown}
Potions
 c - a potion of ambrosia
 e - 2 potions of might {unknown}
 g - a potion of lignification {unknown}
 h - 2 potions of berserk rage {unknown}
 l - 2 potions of heal wounds {unknown}
 m - 2 potions of brilliance {unknown}
 u - a potion of curing {unknown}
 z - 2 potions of flight {unknown}


   Skills:
 + Level 4.8 Fighting
 - Level 3.0 Maces & Flails
 + Level 3.5 Dodging
 + Level 4.3 Stealth


You had 4 spell levels left.
You didn't know any spells.
Your spell library contained the following spells:

 Spells                   Type           Power      Damage    Failure   Level
 Shock                    Conj/Air       0%         1d3       80%         1
 Swiftness                Air            0%         N/A       99%         3
 Airstrike                Air            0%         2d(0-16)  100%        4


Dungeon Overview and Level Annotations

Branches:
Dungeon (6/15)
 Temple: D:4-7

Altars:
Wu Jian

Shops:
D:3 [


Innate Abilities, Weirdness & Mutations

You are immune to sickness and miasma.
Your stone body is resilient. (AC +4)
You are immune to poison.
You resist negative energy. (rN+)
You are resistant to electric shocks. (rElec)
You are resistant to unholy torment.
You are immune to petrification.


Message History

You hit the ice beast but do no damage.
The ice beast is heavily wounded.
The ice beast hits you but does no damage.
You hit the ice beast.
The ice beast is heavily wounded.
The ice beast misses you.
You hit the ice beast but do no damage.
The ice beast is heavily wounded.
The ice beast hits you but does no damage.
You closely miss the ice beast.
The ice beast is heavily wounded.
You hit the ice beast.
The ice beast is heavily wounded.
The ice beast hits you. The ice beast freezes you!
You barely miss the ice beast.
The ice beast is heavily wounded.
The ice beast hits you but does no damage.
You closely miss the ice beast.
The ice beast is heavily wounded.
The ice beast hits you but does no damage.
Okay, then.
You hit the ice beast.
The ice beast is severely wounded.
The ice beast hits you but does no damage.
You closely miss the ice beast.
The ice beast is heavily wounded.
The ice beast hits you but does no damage.
You closely miss the ice beast.
The ice beast is heavily wounded.
The ice beast barely misses you.
You hit the ice beast but do no damage.
The ice beast is heavily wounded.
The ice beast closely misses you.
You hit the ice beast but do no damage.
The ice beast is heavily wounded.
The ice beast closely misses you.
You closely miss the ice beast.
The ice beast is heavily wounded.
The ice beast hits you. The ice beast freezes you!
You die...

# #.#..
###.....#
#@Y>....#
#########


You could see an ice beast.

Vanquished Creatures
  A scorpion (D:5)
  A hound (D:4)
  An iguana (D:5)
  An adder (D:3)
  4 dart slugs
  3 orcs
  3 endoplasms (D:1)
  3 giant cockroaches
  5 goblins
  7 hobgoblins
  6 jackals
  4 kobolds
  3 quokkas
  3 ball pythons
  7 bats
  5 frilled lizards
  3 rats
60 creatures vanquished.

Notes
Turn   | Place    | Note
-------+----------+-------------------------------------------
     0 | D:1      | Harunobu the Gargoyle Monk began the quest for the Orb.
     0 | D:1      | Reached XP level 1. HP: 14/14 MP: 1/1
    83 | D:1      | Reached XP level 2. HP: 11/19 MP: 2/2
   289 | D:1      | Reached XP level 3. HP: 20/24 MP: 3/3
  1851 | D:3      | Reached XP level 4. HP: 29/29 MP: 4/4
  2328 | D:3      | Found Eroseddy's Antique Armour Shoppe.
  2592 | D:4      | Noticed an ogre
  2594 | D:4      | Reached XP level 5. HP: 34/34 MP: 5/5
  2624 | D:5      | Entered Level 5 of the Dungeon
  2766 | D:5      | Found an ornate altar of the Wu Jian Council.
  2773 | D:5      | Noticed an ice beast
  2810 | D:6      | Slain by an ice beast

Illustrated notes

Levels and vault maps discovered:
D:1:      lightli_arrival_farm, layout_basic, minmay_misc_feat_room,
          hangedman_decor_lopped
D:2:      cheibrodos_old_hovel, layout_basic
D:3:      layout_rooms, serial_shops, nicolae_shop_behind_doors
D:4:      layout_loops_ring, general_overflow_altar,
          mainiacjoe_overflow_alcove_1
D:5:      layout_basic, grunt_temple_overflow_growth_and_decay,
          nicolae_tso_besieged_by_evil, nicolae_wu_jian_wuxing_cycle
D:6:      layout_basic, yredelemnul_altar_generic, serial_shops, shop_statue,
          patterned_corridor

Skill      XL: |  1  2  3  4  5 |
---------------+----------------+-----
Stealth        | 3 4 |  4.3
Fighting       | 4 |  4.8
Dodging        | 3 |  3.5
Maces & Flails | |  3.0

Action                   |  1- 3 |  4- 6 || total
-------------------------+-------+-------++-------
Melee: Mace              |    61 |       ||    61
       Whip              |    98 |   150 ||   248
       Punch             |     1 |     1 ||     2
 Stab: Sleeping          |     7 |       ||     7
Armor: Robe              |    53 |       ||    53
       Scale mail        |    16 |    79 ||    95
Dodge: Dodged            |   109 |    84 ||   193

Table legend: (Time is in decaauts)
 A = Elapsed time spent in this place.
 B = Non-inter-level travel time spent in this place.
 C = Inter-level travel time spent in this place.
 D = Time resting spent in this place.
 E = Time spent auto-exploring this place.
 F = Levels seen in this place.
 G = Mean time per level.
                   A        B        C        D        E       F      G
               +--------+--------+--------+--------+--------+-----+--------+
         Total |   2830 |   2725 |    105 |    300 |   1665 |   6 |  471.7 |
       Dungeon |   2830 |   2725 |    105 |    300 |   1665 |   6 |  471.7 |
               +--------+--------+--------+--------+--------+-----+--------+

Top non-repeatable levels by time:
     D:2: 930 daAuts
     D:1: 842 daAuts
     D:3: 638 daAuts
     D:4: 237 daAuts
     D:5: 164 daAuts
     D:6: 16 daAuts
